Map: Lerilak Crest

Players

Kayleigh

  • Race: Terran Terran
  • League: Platinum

A.I. 1 (Very Easy) - Winner!

  • Race: Terran Terran

VOD

Have the link to the VOD?

Description

Time

  • Played on: Feb. 26, 2016, 1:51 p.m.
  • Length: 5:56
Show
View Real Time Build Order
Export as new Build Order

Kayleigh Terran 

Build Orders:  

Get SALT Encoding   

  12  0:01  SCV  
  13  0:14  SCV  
  14  0:17  Supply Depot  
  14  0:27  SCV  
  15  0:39  SCV  
  16  0:43  Barracks  
  16  0:48  Refinery  
  16  0:53  SCV  
  17  1:07  SCV  
  18  1:19  SCV  
  19  1:31  Orbital Command  
  19  1:38  Command Center  
  19  1:43  Barracks Reactor  
  19  1:56  Supply Depot  
  19  1:57  SCV  
  20  2:09  Factory  
  20  2:14  SCV  
  21  2:20  Marine x2  
  23  2:26  Refinery  
  23  2:27  SCV  
  24  2:34  Barracks  
  24  2:39  Marine x2, SCV  
  27  2:51  Orbital Command  
  27  2:56  Factory Tech Lab  
  27  2:58  Marine x2  
  29  3:01  SCV  
  30  3:13  Starport  
  30  3:14  SCV  
  31  3:20  SCV  
  31  3:26  Barracks Reactor, Stimpack  
  32  3:29  SCV  
  32  3:32  Marauder  
  32  3:33  Factory Reactor  
  35  3:34  SCV  
  35  3:39  Marine x2  
  38  3:43  SCV  
  38  3:47  Supply Depot  
  38  3:48  SCV  
  40  3:53  Medivac  
  40  3:55  Marine  
  43  3:58  SCV  
  43  4:02  Marine, SCV  
  46  4:06  Supply Depot  
  46  4:08  Marine  
  47  4:10  SCV  
  47  4:14  SCV  
  47  4:15  Marine  
  50  4:20  Supply Depot  
  50  4:23  SCV  
  51  4:24  Factory Tech Lab  
  51  4:26  Engineering Bay  
  51  4:27  SCV  
  51  4:28  Marine x2, Engineering Bay  
  54  4:37  Marine  
  55  4:39  Medivac x2  
  55  4:40  SCV  
  60  4:49  SCV  
  60  4:50  Marine x2, Supply Depot  
  63  5:00  SCV  
  63  5:02  SCV  
  63  5:03  Refinery  
  63  5:06  Supply Depot  
  65  5:07  Marine  
  65  5:08  Supply Depot  
  65  5:11  Marine x2  
  68  5:16  SCV  
  69  5:22  SCV  
  69  5:23  Supply Depot  
  71  5:28  SCV  
  71  5:34  SCV  
  72  5:37  Marine x2  
  72  5:38  Marine  
  75  5:43  SCV, Command Center  
  75  5:47  Supply Depot  
Show
View Real Time Build Order
Export as new Build Order

A.I. 1 (Very Easy) Terran - Winner!

Build Orders:  

Get SALT Encoding   

  12  0:00  SCV  
  13  0:13  SCV  
  14  0:19  Supply Depot  
  14  0:37  Refinery  
  14  0:43  Barracks  
  14  1:05  Supply Depot  
  14  1:13  Refinery  
  14  1:30  Marine, SCV  
  16  1:42  SCV  
  17  1:55  SCV  
  18  2:05  Marine  
  18  2:07  SCV  
  20  2:19  SCV  
  21  2:31  SCV  
  22  2:40  Marine  
  23  2:44  Orbital Command  
Tags
 
League
Platinum
Matchup
TvT
Race
Terran
Add a new tag
Caveats
  • Supply blocks, unpowered buildings, or Contaminate may cause inaccurate times.
  • Supply counts are checked every 10 seconds.